 Dungeon Crawl Stone Soup version 0.27-a0-1565-gad902ab807 (webtiles) character file.

Game seed: 5070869472672657893

92 Leszczynek the Chopper (level 4, -1/33 HPs)
             Began as a Human Gladiator on July 16, 2021.
             Killed from afar by a white imp (7 damage)
             ... with a puff of frost
             ... summoned by Natasha
             ... on level 3 of the Dungeon.
             The game lasted 00:07:26 (658 turns).

Leszczynek the Chopper (Human Gladiator)             Turns: 658, Time: 00:07:27

Health: -1/33      AC:  4    Str: 15    XL:     4   Next: 90%
Magic:  4/4        EV: 12    Int:  9    God:
Gold:   29         SH:  0    Dex: 14    Spells: 3/3 levels left

rFire    . . .     SeeInvis .   a - +0 war axe
rCold    . . .     Faith    .   (no shield)
rNeg     . . .     Spirit   .   b - +0 leather armour
rPois    .         Reflect  .   c - +0 helmet
rElec    .         Harm     .   (no cloak)
rCorr    .         Rampage  .   (no gloves)
Will     .....                  (no boots)
Stlth    +.........             (no amulet)
HPRegen  0.11/turn              (no ring)
MPRegen  0.09/turn              (no ring)

@: hasted, very quick
A: no striking features
a: no special abilities


You were on level 3 of the Dungeon.
You visited 1 branch of the dungeon, and saw 3 of its levels.

You collected 65 gold pieces.
You spent 36 gold pieces at shops.

Inventory:

Hand Weapons
 a - a +0 war axe (weapon)
 i - a +0 hunting sling
Missiles
 d - 12 stones (quivered)
Armour
 b - a +0 leather armour (worn)
 c - a +0 helmet (worn)
Scrolls
 e - a scroll of identify {unknown}
 f - a scroll of torment {unknown}
 h - 2 scrolls of teleportation {unknown}
 j - a scroll of noise {unknown}
Potions
 g - a potion of resistance


   Skills:
 + Level 2.0 Fighting
 - Level 5.2 Axes
 - Level 2.0 Throwing
 - Level 3.0 Dodging


You had 3 spell levels left.
You didn't know any spells.
Your spell library was empty.

Dungeon Overview and Level Annotations

Branches:
Dungeon (3/15)

Altars:
Uskayaw

Shops:
D:2 !

Annotations:
D:3 Natasha


Message History

You see here a +0 dagger.
A rat comes into view.
The rat bites you.
You slash the rat!
You kill the rat!
You hear the rusting of a very distant drain.
Natasha hisses angrily.
You see here a rat corpse.
Unknown command.
Okay, then.
You closely miss Natasha.
Natasha claws you but does no damage. x2
You hit Natasha.
Natasha is lightly wounded.
Natasha mumbles some strange words.
Natasha glows brightly for a moment.
Natasha casts a spell.
You barely miss Natasha.
Natasha is lightly wounded.
Natasha claws you.
Okay, then.
You closely miss Natasha.
Natasha is lightly wounded.
You barely miss the white imp. Natasha barely misses you.
The white imp hits you. The white imp freezes you.
You hit Natasha.
Natasha is moderately wounded.
You hit the white imp. Natasha barely misses you. The white imp hits you.
The white imp freezes you. Natasha misses you.
You miss Natasha.
Natasha is moderately wounded.
You hit the white imp. The white imp gestures at you.
The puff of frost hits you! Natasha claws you.
* * * LOW HITPOINT WARNING * * *
The white imp hits you but does no damage.
It was a potion of haste.
You feel yourself speed up. Natasha closely misses you.
The white imp gestures at you. The puff of frost hits you!
You die...

#.. #.# #.# #.# #.#
.#.####.#######
.......5h...... #@#
####.################
#.#....................
........................
.#.#.##.###########.....
........# #.............
#.#.#### #.#######.....
.... #.# #...... ##.
.######.######......


You could see Natasha and a white imp (summoned).

Vanquished Creatures
  Natasha (D:3)
  An orc wizard (D:3)
  An adder (D:2)
  2 orcs (D:3)
  4 ball pythons
  4 endoplasms
  A giant cockroach (D:1)
  4 goblins
  A quokka (D:1)
  3 bats
  A frilled lizard (D:3)
  5 kobolds
  3 rats
31 creatures vanquished.

Notes
Turn   | Place    | Note
-------+----------+-------------------------------------------
     0 | D:1      | Leszczynek the Human Gladiator began the quest for the Orb.
     0 | D:1      | Reached XP level 1. HP: 16/16 MP: 1/1
    47 | D:1      | Reached XP level 2. HP: 8/22 MP: 2/2
   214 | D:2      | Found Eheac's Distillery.
   226 | D:2      | Bought a potion of curing for 36 gold pieces
   241 | D:2      | Reached skill level 4 in Axes
   241 | D:2      | Reached XP level 3. HP: 12/27 MP: 3/3
   401 | D:3      | Found a hide-covered altar of Uskayaw.
   420 | D:3      | Reached XP level 4. HP: 27/33 MP: 4/4
   436 | D:3      | Noticed Natasha
   451 | D:3      | Killed Natasha
   452 | D:3      | Reached skill level 5 in Axes
   499 | D:3      | Noticed Natasha
   521 | D:2      | Found a faded altar of an unknown god.
   657 | D:3      | HP: 6/33 [Natasha (3)]
   658 | D:3      | Killed from afar by a white imp

Illustrated notes

Levels and vault maps discovered:
D:1:      heliophobic_arrival_henge, layout_rooms, minmay_misc_feat_rows,
          chequers_hall_statues_corner_a, columned_hall_lemuel,
          minmay_heptomino_w4
D:2:      layout_basic, serial_shops, shop,
          chequers_ecumenical_altar_simple_redux, fountainhead
D:3:      layout_basic, eat_drink_and_be_merry_uskayaw,
          cheibrodos_sewer_entry_drain, uniq_natasha, uniq_grinder,
          uniq_sigmund, uniq_terence

Skill      XL: |  1  2  3  4 |
---------------+-------------+-----
Axes           | 4 5 |  5.2
Fighting       | |  2.0
Throwing       | |  2.0
Dodging        | |  3.0

Action                   |  1- 3 |  4- 6 || total
-------------------------+-------+-------++-------
Melee: War axe           |    65 |    24 ||    89
Throw: Throwing net      |     3 |       ||     3
       Stone             |     6 |       ||     6
  Use: Potion            |     1 |     3 ||     4
 Stab: Held in net/web   |     1 |       ||     1
Armor: Leather armour    |    16 |     9 ||    25
Dodge: Dodged            |    56 |    15 ||    71

Table legend: (Time is in decaauts)
 A = Elapsed time spent in this place.
 B = Non-inter-level travel time spent in this place.
 C = Inter-level travel time spent in this place.
 D = Time resting spent in this place.
 E = Time spent auto-exploring this place.
 F = Levels seen in this place.
 G = Mean time per level.
                   A        B        C        D        E       F      G
               +--------+--------+--------+--------+--------+-----+--------+
         Total |    686 |    650 |     36 |      0 |      0 |   3 |  228.7 |
       Dungeon |    686 |    650 |     36 |      0 |      0 |   3 |  228.7 |
               +--------+--------+--------+--------+--------+-----+--------+

Top non-repeatable levels by time:
     D:3: 266 daAuts
     D:2: 255 daAuts
     D:1: 164 daAuts
